 Dungeon Crawl Stone Soup version 0.23.0 (webtiles) character file.

Game seed: 1123709881274490984

121 misha the Cutter (level 4, -4/40 HPs)
             Began as a Draconian Berserker on Feb 16, 2019.
             Was a Believer of Trog.
             Killed from afar by an orc wizard (5 damage)
             ... with a magic dart
             ... on level 3 of the Dungeon.
             The game lasted 00:13:46 (3379 turns).

misha the Cutter (Draconian Berserker)              Turns: 3379, Time: 00:13:50

Health: -4/40      AC:  6    Str: 20    XL:     4   Next: 77%
Magic:  4/4        EV: 13    Int:  8    God:    Trog [**....]
Gold:   101        SH:  0    Dex: 10    Spells: 3/3 levels left

rFire    . . .     SeeInvis .   a - +0 short sword
rCold    . . .     Gourm    .   (no shield)
rNeg     . . .     Faith    .   (armour unavailable)
rPois    +         Spirit   .   (helmet restricted)
rElec    .         Reflect  .   (no cloak)
rCorr    .         Harm     .   (no gloves)
MR       .....                  r - +0 pair of boots
Stlth    +.........             (no amulet)
HPRegen  0.13/turn              (no ring)
MPRegen  0.09/turn              (no ring)

@: no status effects
A: unfitting armour, mutation resistance 1, poison resistance, cold-blooded, AC
+5
a: Berserk, Trog's Hand, Renounce Religion


You were on level 3 of the Dungeon.
You worshipped Trog.
Trog was pleased with you.
You were not hungry.

You visited 1 branch of the dungeon, and saw 3 of its levels.

You collected 101 gold pieces.

Inventory:

Hand Weapons
 a - a +0 short sword (weapon)
Armour
 r - a +0 pair of boots (worn)
 s - a +0 robe
 t - a +0 cloak
Jewellery
 h - a cursed ring of attention {unknown}
 j - an uncursed ring of see invisible {unknown}
Scrolls
 e - 5 scrolls of identify {unknown}
 g - a scroll of fog {unknown}
 m - a scroll of enchant weapon {unknown}
 p - a scroll of remove curse {unknown}
 q - a scroll of teleportation {unknown}
Potions
 c - 2 potions of agility {unknown}
 d - 2 potions of brilliance {unknown}
 f - a potion of flight {unknown}
 i - a potion of lignification {unknown}
 k - 5 potions of curing {unknown}
 n - a potion of degeneration {unknown}
 o - a potion of magic {unknown}
Comestibles
 b - 4 rations


   Skills:
 + Level 3.9 Fighting
 + Level 4.1 Short Blades
 + Level 3.8 Dodging
 + Level 0.6 Stealth


You had 3 spell levels left.
You didn't know any spells.
Your spell library was empty.

Dungeon Overview and Level Annotations

Branches:
Dungeon (3/15)

Altars:
Qazlal

Annotations:
D:3 Ijyb


Innate Abilities, Weirdness & Mutations

Your plain brown scales are hard. (AC +5)
You cannot fit into any form of body armour.
You are cold-blooded and may be slowed by cold attacks.
You are somewhat resistant to further mutation.
Your system is resistant to poisons. (rPois)


Message History

You are too injured to fight recklessly!
You closely miss the orc.
The orc is moderately wounded.
Something hits you.
* * * LOW HITPOINT WARNING * * *
The orc hits you but does no damage.
You are too injured to fight recklessly!
You hit the orc but do no damage.
Your tail-slap misses the orc.
The orc is moderately wounded.
You hear some strange, mumbled words.
A puff of flame appears from out of thin air!
The puff of flame misses you.
You are too injured to fight recklessly!
You closely miss the orc.
Your tail-slap misses the orc.
The orc is moderately wounded.
The orc hits you but does no damage.
You hear some strange, mumbled words.
A magic dart appears from out of thin air!
The magic dart hits you.
You die...

#.# #...... #.#
#......
#.######......
#######.##..........
#..o..#.##..........
#.###.#>รท'.g....####
###.#o..#.##......#
#...#o#...#######.#
#...#@#.### #.#
#...#.{.# #.#
#...##### #..
#.......# ##.
#..l###.# ..
#.......# ..
#.......# #.......#
###.....#


You could see 2 orcs.

Vanquished Creatures
  Jessica (D:3)
  2 adders
  An ooze (D:1)
  A worm (D:2)
  2 dart slugs
  5 leopard geckos
  2 orcs (D:3)
  6 bats
  2 giant cockroaches (D:1)
  6 goblins
  7 hobgoblins
  6 jackals
  5 kobolds
  A ball python (D:1)
  5 frilled lizards
  7 rats
59 creatures vanquished.

Notes
Turn   | Place    | Note
-------+----------+-------------------------------------------
     0 | D:1      | misha the Draconian Berserker began the quest for the Orb.
     0 | D:1      | Reached XP level 1. HP: 19/19 MP: 1/1
   173 | D:1      | Reached XP level 2. HP: 19/26 MP: 2/2
  1309 | D:1      | Reached XP level 3. HP: 31/31 MP: 3/3
  1474 | D:1      | Reached ** piety under Trog
  1972 | D:2      | Found a stormy altar of Qazlal.
  2470 | D:2      | Reached XP level 4. HP: 40/40 MP: 4/4
  3062 | D:3      | Noticed Jessica
  3075 | D:3      | Killed Jessica
  3075 | D:3      | Reached skill level 4 in Short Blades
  3178 | D:3      | Noticed Ijyb
  3361 | D:3      | Gained mutation: Your system is resistant to poisons.
                  | (rPois) [potion of mutation]
  3361 | D:3      | Gained mutation: You are somewhat resistant to further
                  | mutation. [potion of mutation]
  3377 | D:3      | HP: 1/40 [something (3)]
  3379 | D:3      | Killed from afar by an orc wizard

Skill      XL: |  1  2  3  4 |
---------------+-------------+-----
Dodging        | 3 |  3.8
Short Blades   | 4 |  4.1
Fighting       | |  3.9
Stealth        | |  0.6

Action                   |  1- 3 |  4- 6 || total
-------------------------+-------+-------++-------
Melee: Short sword       |   165 |    59 ||   224
       Tailslap          |    23 |    10 ||    33
       Unarmed           |       |    20 ||    20
  Use: Potion            |       |     1 ||     1
  Eat: Chunk             |     1 |       ||     1
       Ration            |     1 |     2 ||     3
Armor: Skin              |    72 |     9 ||    81
Dodge: Dodged            |   140 |    45 ||   185
